 Dungeon Crawl Stone Soup version 0.31-a0-986-g5e6e4ef867 (webtiles) character file.

Game seed: 195673231230960383

13783 lessens the Nimble (level 12, -3/79 (97) HPs)
             Began as a Gnoll Monk on Nov 13, 2023.
             Was the Champion of Okawaru.
             Killed from afar by Josephine (13 damage)
             ... with a ghostly fireball
             ... on level 11 of the Dungeon.
             The game lasted 00:18:57 (11872 turns).

lessens the Nimble (Gnoll Monk)                    Turns: 11872, Time: 00:18:58

HP:   -3/79 (97)    AC: 19    Str: 16    XL:     12   Next: 9%
MP:   13/13         EV: 15    Int: 12    God:    Okawaru [******]
Gold: 202           SH:  0    Dex: 15    Spells: 25/25 levels left

rFire   + . .        P - +3 broad axe
rCold   + . .        d - orb {light}
rNeg    + . .        Z - +1 ring mail of Circular Logic {rF+ rN+}
rPois   .            y - +2 helmet {Int+3}
rElec   +            (no cloak)
rCorr   .            e - +0 pair of gloves
SInv    .            N - +2 pair of boots of Ennui {rElec Regen+ MP-9 Stlth+}
Will    +....        (no amulet)
Stlth   ++           m - +4 ring of slaying
HPRegen 1.13/turn    A - ring of Quineuf {rC+ Will+ AC+4}
MPRegen 0.13/turn

%: no passive effects
@: slowed, glowing, heavily drained, very slow
A: fangs 1, strong nose, distributed training
a: Renounce Religion, Heroism, Finesse, Duel


You were on level 11 of the Dungeon.
You worshipped Okawaru.
Okawaru was exalted by your worship.
You visited 2 branches of the dungeon, and saw 12 of its levels.
You also visited: Bailey.

You collected 714 gold pieces.
You spent 512 gold pieces at shops.

Inventory:

Hand Weapons
 a - a +2 heavy hand axe
 b - a +0 spear of venom
 P - a +3 broad axe (weapon)
Missiles
 h - 102 stones
 r - 5 throwing nets
 u - 2 curare-tipped darts
 v - 5 javelins
 B - 10 boomerangs
 S - 3 atropa-tipped darts
 T - 27 poisoned darts (quivered)
 V - 3 silver javelins
Armour
 d - an orb of light (worn)
 e - a +0 pair of gloves (worn)
 y - a +2 helmet of intelligence (worn)
 N - the +2 pair of boots of Ennui (worn) {rElec Regen+ MP-9 Stlth+}
   (Okawaru gifted it to you on level 11 of the Dungeon)

   rElec:     It insulates you from electricity.
   MP-9:      It affects your magic capacity (-9).
   Regen+:    It increases your rate of health regeneration.
   Stlth+:    It makes you more stealthy.
 U - +0 steam dragon scales
 Z - the +1 ring mail of Circular Logic (worn) {rF+ rN+}
   (You found it on level 10 of the Dungeon)

   rF+:       It protects you from fire.
   rN+:       It protects you from negative energy.
Jewellery
 m - a +4 ring of slaying (left hand)
 A - the ring of Quineuf (right hand) {rC+ Will+ AC+4}
   (You found it on level 4 of the Dungeon)

   [ring of protection]

   AC+4:      It affects your AC (+4).
   rC+:       It protects you from cold.
   Will+:     It increases your willpower.
 H - a +6 ring of dexterity
 Y - a ring of protection from fire
Wands
 D - a wand of paralysis (21)
 E - a wand of iceblast (10)
 K - a wand of mindburst (13)
Scrolls
 i - a scroll of silence {unknown}
 j - a scroll of acquirement {unknown}
 p - 4 scrolls of immolation
 q - 4 scrolls of blinking
 s - 5 scrolls of teleportation
 t - 3 scrolls of fog
 x - 2 scrolls of poison
 F - 2 scrolls of revelation
 I - a scroll of enchant armour {unknown}
 J - 2 scrolls of enchant weapon
 Q - a scroll of fear {unknown}
 R - a scroll of butterflies
 X - a scroll of amnesia
Potions
 c - 2 potions of ambrosia
 f - 7 potions of curing
 g - 5 potions of lignification
 k - a potion of resistance
 l - 2 potions of haste
 n - 3 potions of cancellation
 o - a potion of enlightenment
 w - 3 potions of heal wounds
 z - 2 potions of brilliance
 C - a potion of mutation {unknown}
 L - 3 potions of magic
 M - 2 potions of might {unknown}
 O - 4 potions of invisibility
 W - a potion of berserk rage


   Skills:
 + Level 9.7 Fighting
 + Level 7.1 Short Blades
 + Level 7.1 Long Blades
 + Level 9.7 Axes
 + Level 7.1 Maces & Flails
 + Level 7.1 Polearms
 + Level 7.1 Staves
 + Level 7.1 Ranged Weapons
 + Level 7.1 Throwing
 + Level 7.1 Armour
 + Level 9.7 Dodging
 + Level 7.1 Stealth
 + Level 7.1 Shields
 + Level 7.1 Unarmed Combat
 + Level 7.1 Spellcasting
 + Level 5.8 Conjurations
 + Level 5.8 Hexes
 + Level 5.8 Summonings
 + Level 5.8 Necromancy
 + Level 5.8 Translocations
 + Level 5.8 Transmutations
 + Level 5.8 Fire Magic
 + Level 5.8 Ice Magic
 + Level 5.8 Air Magic
 + Level 5.8 Earth Magic
 + Level 5.8 Poison Magic
 + Level 7.7 Invocations
 + Level 7.1 Evocations
 + Level 6.4 Shapeshifting


You had 25 spell levels left.
You didn't know any spells.
Your spell library contained the following spells:

 Spells                   Type           Power      Damage    Failure   Level
 Freeze                   Ice            72%        1d8       2%          1
 Scorch                   Fire           36%        2d6       3%          2
 Dazzling Flash           Conj/Hex       36%        N/A       8%          3
 Frozen Ramparts          Ice            36%        1d6       8%          3
 Hailstorm                Conj/Ice       18%        3d6       8%          3
 Inner Flame              Hex/Fire       18%        N/A       8%          3
 Volatile Blastmotes      Fire/Tloc      36%        2d13      8%          3
 Flame Wave               Conj/Fire      18%        2d7       24%         4
 Yara's Violent Unravell  Hex/Tmut       9%         3d6       56%         5
 Starburst                Conj/Fire      9%         6d5       98%         6
 Enfeeble                 Hex            9%         N/A       100%        7
 Maxwell's Capacitive Co  Air            9%         ∞         100%        8
 Summon Small Mammal      Summ           Unusable   N/A       N/A         1
 Summon Cactus Giant      Summ           Unusable   N/A       N/A         6

Dungeon Overview and Level Annotations

Branches:
Dungeon (11/15) Zot: 26777  Temple (1/1) D:5 Zot: 5948    Lair (0/5) D:10
    Orc (0/2) D:10         Bailey (visited)

Altars:
Ashenzari
Cheibriados
Dithmenos
Elyvilon
Fedhas
Gozag
Hepliaklqana
Kikubaaqudgha
Makhleb
Nemelex Xobeh
Okawaru
Qazlal
Ru
Sif Muna
Trog
Uskayaw
Vehumet
Wu Jian
Xom
Yredelemnul
Zin
The Shining One

Shops:
D:4 (**!=

Annotations:
D:3 1 runed translucent door, Tollund's ghost, amateur GnHW
D:5 2 runed translucent doors, RandomusNamus's ghost, novice OpSh
D:11 Josephine


Innate Abilities, Weirdness & Mutations

You have very sharp teeth.
Your uncanny sense of smell can sniff out nearby items.
Your experience applies equally to all skills.


Message History

The ghostly fireball engulfs the wraith.
The wraith completely resists.
The ghostly fireball engulfs the wraith.
The wraith completely resists.
The ghostly fireball engulfs Josephine.
Josephine completely resists.
You are too injured to fight recklessly!
You are too injured to fight recklessly!
You are too injured to fight recklessly!
You slash Josephine!
Josephine is almost dead.
You slash the wraith! You hit the wraith. The wraith closely misses you.
Josephine closely misses you. The wraith hits you.
You barely miss Josephine.
Josephine is almost dead.
You barely miss the wraith. You hit the wraith. The wraith hits you!
The wraith drains your vigour!
You feel as though you will be slow longer.
Josephine casts a spell at you.
The ghostly flame explodes!
The ghostly fireball engulfs you! You partially resist.
You feel drained.
* * * LOW HITPOINT WARNING * * *
The ghostly fireball engulfs the wraith.
The wraith completely resists.
The ghostly fireball engulfs the wraith.
The wraith completely resists.
The ghostly fireball engulfs Josephine.
Josephine completely resists.
The wraith hits you but does no damage. The wraith barely misses you.
The wraith closely misses you. Josephine hits you but does no damage.
You barely miss Josephine. You bite Josephine.
Josephine is almost dead.
You hit the wraith but do no damage. You hit the wraith. The wraith misses you.
Josephine closely misses you. The wraith hits you!
* * * LOW HITPOINT WARNING * * *
The wraith drains your vigour!
You feel as though you will be slow longer.
The wraith barely misses you. The wraith hits you but does no damage.
Josephine points at you and mumbles some strange words.
The ghostly flame explodes!
The ghostly fireball engulfs you! You partially resist.
You feel drained.
You die...

#.....<..#
#..####..#
#..# #..#
#..# #..#
#..# #..#
#..# #..# ..#
#..# #..# ..#
#..# #..#
#..# #W@#
#..# #.)#
#W@#
#..#####..#
#..#
#.........#
#..#
#.........#
#..#
#.........###
#..#
#...###......
#..# ##...#
#...... #...
.....#
#..####
......# #..#


You could see Josephine and 2 wraiths.

Vanquished Creatures
  2 vault guards (Bailey)
  Harold (D:10)
  A two-headed ogre (D:8)
  An ugly thing (D:7)
  A gargoyle (D:11)
  3 kobold demonologists
  A komodo dragon (D:6)
  A troll (D:7)
  Prince Ribbit (Bailey)
  2 shadows (D:10)
  2 wraiths
  10 yaks (D:10)
  A vampire (D:11)
  A wyvern (D:11)
  7 humans (Bailey)
  2 steam dragons
  Menkaure (D:4)
  A vampire mosquito (D:7)
  An acid dragon (D:10)
  A two-headed ogre zombie (D:10)
  3 wargs (D:10)
  2 water moccasins (D:9)
  A black bear (D:7)
  5 orc warriors
  An ogre (D:3)
  A centaur (D:6)
  3 phantoms
  2 kobold brigands
  A gnoll sergeant (D:7)
  18 bullfrogs
  2 scorpions
  9 wights
  A troll zombie (D:10)
  12 killer bees
  4 howler monkeys
  An electric eel (D:9)
  A hound (D:5)
  8 orc priests
  2 jellies
  4 sleepcaps
  4 iguanas
  5 orc wizards
  6 ogre zombies (D:10)
  17 gnolls
  6 adders
  2 ufetubi (D:4)
  A worm (D:5)
  2 dart slugs
  35 orcs
  14 ball pythons
  3 bats
  4 endoplasms
  13 goblins
  9 hobgoblins
  9 jackals
  A quokka (D:4)
  3 frilled lizards (D:2)
  2 gnoll skeletons (D:10)
  3 gnoll zombies (D:10)
  12 kobolds
  4 orc skeletons (D:10)
  16 orc zombies (D:10)
  5 rats
298 creatures vanquished.

Notes
Turn   | Place    | Note
-------+----------+-------------------------------------------
     0 | D:1      | lessens the Gnoll Monk began the quest for the Orb.
     0 | D:1      | Reached XP level 1. HP: 23/23 MP: 1/1
   198 | D:1      | Reached XP level 2. HP: 29/29 MP: 2/2
   326 | D:1      | Found a faded altar of an unknown god.
   334 | D:1      | Got Plato's Volume of Calling
   412 | D:1      | Reached XP level 3. HP: 35/35 MP: 3/3
   652 | D:2      | Reached skill level 1 in Invocations
   764 | D:2      | Reached skill level 1 in Short Blades
   764 | D:2      | Reached skill level 1 in Long Blades
   764 | D:2      | Reached skill level 1 in Maces & Flails
   764 | D:2      | Reached skill level 1 in Polearms
   764 | D:2      | Reached skill level 1 in Staves
   764 | D:2      | Reached skill level 1 in Ranged Weapons
   764 | D:2      | Reached skill level 1 in Throwing
   764 | D:2      | Reached skill level 1 in Armour
   764 | D:2      | Reached skill level 1 in Stealth
   764 | D:2      | Reached skill level 1 in Shields
   764 | D:2      | Reached skill level 1 in Unarmed Combat
   764 | D:2      | Reached skill level 1 in Spellcasting
   764 | D:2      | Reached skill level 1 in Evocations
   864 | D:2      | Reached skill level 1 in Shapeshifting
   864 | D:2      | Reached XP level 4. HP: 39/41 MP: 5/5
  1411 | D:2      | Reached skill level 1 in Conjurations
  1411 | D:2      | Reached skill level 1 in Hexes
  1411 | D:2      | Reached skill level 1 in Summonings
  1411 | D:2      | Reached skill level 1 in Necromancy
  1411 | D:2      | Reached skill level 1 in Translocations
  1411 | D:2      | Reached skill level 1 in Transmutations
  1411 | D:2      | Reached skill level 1 in Fire Magic
  1411 | D:2      | Reached skill level 1 in Ice Magic
  1411 | D:2      | Reached skill level 1 in Air Magic
  1411 | D:2      | Reached skill level 1 in Earth Magic
  1411 | D:2      | Reached skill level 1 in Poison Magic
  1437 | D:2      | Reached XP level 5. HP: 15/47 MP: 5/7
  1445 | D:2      | HP: 2/47 [poisoned by a gnoll]
  2254 | D:3      | Noticed an ogre
  2271 | D:3      | Killed an ogre
  2324 | D:3      | Found a runed translucent door.
  2388 | D:3      | Noticed Tollund's ghost (amateur GnHW)
  2954 | D:4      | Noticed a phantom
  2965 | D:4      | Killed a phantom
  2966 | D:4      | Reached XP level 6. HP: 48/53 MP: 8/8
  3091 | D:4      | Identified the ring of Quineuf {rC+ Will+ AC+4}
  3114 | D:4      | Found Eggin's Distillery.
  3124 | D:4      | Bought a potion of lignification for 42 gold pieces
  3124 | D:4      | Bought a potion of curing for 42 gold pieces
  3124 | D:4      | Bought a potion of haste for 140 gold pieces
  3140 | D:4      | Noticed Menkaure
  3148 | D:4      | Killed Menkaure
  3168 | D:4      | Reached XP level 7. HP: 53/59 MP: 10/10
  3206 | D:4      | Identified the +0 ring mail of Libox {rF++ Will+}
  3221 | D:4      | Found Qeh Ceuc's General Store.
  3250 | D:4      | Bought a scroll of identify for 26 gold pieces
  3295 | D:4      | Found Hubyogem's Jewellery Shoppe.
  3471 | D:4      | Found Aheaf's Weapon Shop.
  3509 | D:4      | Found Atruorit's Assorted Antiques.
  3668 | D:5      | Entered Level 5 of the Dungeon
  3680 | D:5      | Identified the +0 pair of boots "Neocit" {Str+3}
  3750 | D:5      | Found a staircase to the Ecumenical Temple.
  3760 | Temple   | Entered the Ecumenical Temple
  3786 | Temple   | Became a worshipper of Warmaster Okawaru
  3786 | Temple   | Reached * piety under Okawaru
  3786 | Temple   | Reached ** piety under Okawaru
  4170 | D:5      | Found an ancient bone altar of Kikubaaqudgha.
  4173 | D:5      | Found a sacrificial altar of Ru.
  4177 | D:5      | Found a radiant altar of Vehumet.
  4179 | D:5      | Found a hazy altar of Hepliaklqana.
  4180 | D:5      | Found a white marble altar of Elyvilon.
  4182 | D:5      | Found an ornate altar of the Wu Jian Council.
  4223 | D:5      | Found a runed translucent door.
  4224 | D:5      | Noticed RandomusNamus's ghost (novice OpSh)
  4806 | D:5      | Found a runed translucent door.
  5106 | D:6      | Reached XP level 8. HP: 67/67 MP: 12/12
  5108 | D:6      | Reached *** piety under Okawaru
  5117 | D:6      | Noticed a komodo dragon
  5132 | D:6      | Killed a komodo dragon
  5434 | D:6      | Identified the +9 falchion of Division {speed, Will++
                  | Dex+3}
  5888 | D:7      | Found a flagged portal.
  5901 | Bailey   | Entered a bailey
  5931 | Bailey   | Reached XP level 9. HP: 50/73 MP: 12/14
  6120 | Bailey   | Reached **** piety under Okawaru
  6246 | Bailey   | Reached skill level 5 in Invocations
  6264 | Bailey   | Noticed Prince Ribbit
  6281 | Bailey   | Reached XP level 10. HP: 54/80 MP: 17/17
  6290 | Bailey   | Noticed a vault guard
  6301 | Bailey   | Reached skill level 5 in Short Blades
  6301 | Bailey   | Reached skill level 5 in Long Blades
  6301 | Bailey   | Reached skill level 5 in Maces & Flails
  6301 | Bailey   | Reached skill level 5 in Polearms
  6301 | Bailey   | Reached skill level 5 in Staves
  6301 | Bailey   | Reached skill level 5 in Ranged Weapons
  6301 | Bailey   | Reached skill level 5 in Throwing
  6301 | Bailey   | Reached skill level 5 in Armour
  6301 | Bailey   | Reached skill level 5 in Stealth
  6301 | Bailey   | Reached skill level 5 in Shields
  6301 | Bailey   | Reached skill level 5 in Unarmed Combat
  6301 | Bailey   | Reached skill level 5 in Spellcasting
  6301 | Bailey   | Reached skill level 5 in Evocations
  6320 | Bailey   | Killed Prince Ribbit
  6523 | Bailey   | Killed a vault guard
  6523 | Bailey   | Reached ***** piety under Okawaru
  6746 | Bailey   | Noticed a vault guard
  6764 | Bailey   | Killed a vault guard
  6765 | Bailey   | Reached skill level 5 in Shapeshifting
  7515 | D:7      | Noticed a purple ugly thing
  7781 | D:8      | Noticed a two-headed ogre
  8109 | D:8      | Killed a two-headed ogre
  8400 | D:8      | Reached XP level 11. HP: 86/87 MP: 19/19
  8736 | D:7      | Reached skill level 5 in Conjurations
  8736 | D:7      | Reached skill level 5 in Hexes
  8736 | D:7      | Reached skill level 5 in Summonings
  8736 | D:7      | Reached skill level 5 in Necromancy
  8736 | D:7      | Reached skill level 5 in Translocations
  8736 | D:7      | Reached skill level 5 in Transmutations
  8736 | D:7      | Reached skill level 5 in Fire Magic
  8736 | D:7      | Reached skill level 5 in Ice Magic
  8736 | D:7      | Reached skill level 5 in Air Magic
  8736 | D:7      | Reached skill level 5 in Earth Magic
  8736 | D:7      | Reached skill level 5 in Poison Magic
  8799 | D:7      | Killed a purple ugly thing
  9142 | D:9      | Found a stormy altar of Qazlal.
  9153 | D:9      | Received a gift from Okawaru
  9897 | D:9      | Found a bloodstained altar of Trog.
  9939 | D:9      | Found a blossoming altar of Fedhas.
 10156 | D:9      | Found a sparkling altar of Nemelex Xobeh.
 10187 | D:10     | Entered Level 10 of the Dungeon
 10289 | D:4      | Bought a scroll of poison for 52 gold pieces
 10309 | D:4      | Bought a potion of resistance for 140 gold pieces
 10309 | D:4      | Bought a potion of berserk rage for 70 gold pieces
 10449 | D:10     | Found a staircase to the Orcish Mines.
 10613 | D:10     | Found a staircase to the Lair.
 11098 | D:10     | Identified the +1 ring mail of Circular Logic {rF+ rN+}
 11157 | D:10     | Noticed Harold
 11167 | D:10     | Killed Harold
 11167 | D:10     | Received a gift from Okawaru
 11682 | D:11     | Reached ****** piety under Okawaru
 11683 | D:11     | Reached XP level 12. HP: 96/97 MP: 22/22
 11683 | D:11     | Acquired a +1 executioner's axe of electrocution
 11683 | D:11     | Received a gift from Okawaru
 11684 | D:11     | Acquired the +2 pair of boots of Ennui {rElec Regen+ MP-9
                  | Stlth+}
 11684 | D:11     | Received a gift from Okawaru
 11722 | D:11     | Received a gift from Okawaru
 11856 | D:11     | Noticed Josephine
 11872 | D:11     | Killed from afar by Josephine

Illustrated notes

Levels and vault maps discovered:
D:1:      nzn_arrival_settlement, layout_rooms,
          shapermc_ecumenical_altar_rom_forum
D:2:      layout_basic
D:3:      layout_basic, ebering_ghost_reflecting_pool
D:4:      cheibrodos_quashed, layout_rooms, serial_shops, shop,
          nicolae_take_the_stairs, shop, nicolae_shop_trees,
          nicolae_shop_bloodbath_and_beyond, uniq_menkaure
D:5:      layout_loops_ring, minitemple, minmay_temple_entry_mini_moons,
          ebering_ghost_sewer_f
D:6:      layout_loops_ring, kennysheep_doodads
D:7:      layout_gridville, enter_bailey_3, kb_rosetta
D:8:      layout_basic
D:9:      layout_loops_ring, marbit_many_paths, grunt_qazlal_clouds,
          nicolae_overflow_squiral, special_room [special_room_orc],
          chequers_serial_rivers_micro_d, uniq_prince_ribbit1
D:10:     layout_loops_cross, erik_lair_orcish_takeover, zombieorc2_lemuel,
          abandoned_shop, uniq_harold
D:11:     layout_long_grid, uniq_josephine
Temple:   nicolae_temple_godzebo

Skill      XL: |  1  2  3  4  5  6  7  8  9 10 11 12 |
---------------+-------------------------------------+-----
Invocations    | 1 2 3 4 5 6 7 |  7.7
Short Blades   | 1 2 3 4 5 6 7 |  7.1
Long Blades    | 1 2 3 4 5 6 7 |  7.1
Maces & Flails | 1 2 3 4 5 6 7 |  7.1
Polearms       | 1 2 3 4 5 6 7 |  7.1
Staves         | 1 2 3 4 5 6 7 |  7.1
Ranged Weapons | 1 2 3 4 5 6 7 |  7.1
Throwing       | 1 2 3 4 5 6 7 |  7.1
Armour         | 1 2 3 4 5 6 7 |  7.1
Stealth        | 1 2 3 4 5 6 7 |  7.1
Shields        | 1 2 3 4 5 6 7 |  7.1
Unarmed Combat | 1 2 3 4 5 6 7 |  7.1
Spellcasting   | 1 2 3 4 5 6 7 |  7.1
Evocations     | 1 2 3 4 5 6 7 |  7.1
Shapeshifting  | 1 2 3 4 5 6 |  6.4
Conjurations   | 1 2 3 4 5 |  5.8
Hexes          | 1 2 3 4 5 |  5.8
Summonings     | 1 2 3 4 5 |  5.8
Necromancy     | 1 2 3 4 5 |  5.8
Translocations | 1 2 3 4 5 |  5.8
Transmutations | 1 2 3 4 5 |  5.8
Fire Magic     | 1 2 3 4 5 |  5.8
Ice Magic      | 1 2 3 4 5 |  5.8
Air Magic      | 1 2 3 4 5 |  5.8
Earth Magic    | 1 2 3 4 5 |  5.8
Poison Magic   | 1 2 3 4 5 |  5.8
Fighting       | 7 8 9 |  9.7
Axes           | 7 8 9 |  9.7
Dodging        | 7 8 9 |  9.7

Action                     |  1- 3 |  4- 6 |  7- 9 | 10-12 || total
---------------------------+-------+-------+-------+-------++-------
  Melee: Hand axe          |    65 |    34 |    10 |       ||   109
         Bite              |     9 |    13 |    43 |    46 ||   111
         Spear             |       |    52 |   258 |    46 ||   356
         Broad axe         |       |       |       |   338 ||   338
  Throw: Stone             |       |     1 |       |       ||     1
         Javelin           |       |     3 |       |     1 ||     4
         Dart              |       |       |       |     2 ||     2
 Invoke: Heroism           |       |       |     3 |     2 ||     5
         Receive Weapon    |       |       |       |     1 ||     1
         Receive Armour    |       |       |       |     1 ||     1
  Evoke: Wand              |       |       |     5 |    15 ||    20
    Use: Scroll            |       |       |     8 |     9 ||    17
   Stab: Paralysed         |       |       |    10 |     6 ||    16
         Sleeping          |       |       |       |     1 ||     1
 Armour: Robe              |    21 |     5 |       |       ||    26
         Chain mail        |       |    37 |       |       ||    37
         Ring mail         |       |       |   128 |   275 ||   403
  Dodge: Dodged            |    43 |    29 |   136 |   248 ||   456

Table legend: (Time is in decaauts)
 A = Elapsed time spent in this place.
 B = Non-inter-level travel time spent in this place.
 C = Inter-level travel time spent in this place.
 D = Time resting spent in this place.
 E = Time spent auto-exploring this place.
 F = Levels seen in this place.
 G = Mean time per level.
                   A        B        C        D        E       F      G
               +--------+--------+--------+--------+--------+-----+--------+
         Total |  11885 |  11128 |    757 |   1082 |   8125 |  13 |  914.2 |
       Dungeon |  10867 |  10156 |    711 |    533 |   8027 |  11 |  987.9 |
        Temple |     51 |      5 |     46 |      0 |      0 |   1 |   51.0 |
        Bailey |    966 |    966 |      0 |    549 |     98 |   1 |  966.0 |
               +--------+--------+--------+--------+--------+-----+--------+

Top non-repeatable levels by time:
     D:7: 1452 daAuts
     D:2: 1303 daAuts
    D:10: 1275 daAuts
     D:9: 1191 daAuts
     D:5: 1176 daAuts
     D:3: 1145 daAuts
     D:8: 1003 daAuts
  Bailey: 966 daAuts
     D:6: 834 daAuts
     D:4: 760 daAuts
     D:1: 503 daAuts
    D:11: 221 daAuts
  Temple: 51 daAuts

Levels and vault maps discovered:
D:1:      nzn_arrival_settlement, layout_rooms,
          shapermc_ecumenical_altar_rom_forum
D:2:      layout_basic
D:3:      layout_basic, ebering_ghost_reflecting_pool
D:4:      cheibrodos_quashed, layout_rooms, serial_shops, shop,
          nicolae_take_the_stairs, shop, nicolae_shop_trees,
          nicolae_shop_bloodbath_and_beyond, uniq_menkaure
D:5:      layout_loops_ring, minitemple, minmay_temple_entry_mini_moons,
          ebering_ghost_sewer_f
D:6:      layout_loops_ring, kennysheep_doodads
D:7:      layout_gridville, enter_bailey_3, kb_rosetta
D:8:      layout_basic
D:9:      layout_loops_ring, marbit_many_paths, grunt_qazlal_clouds,
          nicolae_overflow_squiral, special_room [special_room_orc],
          chequers_serial_rivers_micro_d, uniq_prince_ribbit1
D:10:     layout_loops_cross, erik_lair_orcish_takeover, zombieorc2_lemuel,
          abandoned_shop, uniq_harold
D:11:     layout_long_grid, uniq_josephine
Temple:   nicolae_temple_godzebo
